[Event "Turkish Cup 2024"]
[Site "Denizli"]
[Date "2024.08.01"]
[Round "4"]
[White "Asikoglu, Engin Can"]
[Black "Maruflu, Enes Yusuf"]
[Result "1/2-1/2"]
[ECO "D02"]
[WhiteElo "1843"]
[BlackElo "2228"]
[Annotator "RC"]
[PlyCount "83"]
[EventDate "2024.08.01"]
[EventType "swiss"]
[EventCountry "TUR"]
[SourceTitle "playchess.com"]
[Source "ChessBase"]
[SourceQuality "1"]
[TimeControl "5400+30"]

1. d4 Nf6 2. Bf4 d5 3. e3 c5 4. Nf3 Nc6 5. Nbd2 Nh5 6. Be5 e6 7. c3 f6 8. Bg3 Qb6 9. Qb3 Nxg3 10. hxg3 Bd7 11. Bd3 Qxb3 12. axb3 Kf7 13. dxc5 Bxc5 14. e4 h5 15. b4 Bb6 16. Nb3 g5 17. Nc5 Bc8 18. Na4 Bc7 19. O-O-O g4 20. exd5 gxf3 21. dxc6 fxg2 22. Rhg1 f5 23. Rxg2 bxc6 24. Rgg1 Kf6 25. b5 cxb5 26. Bxb5 Rh7 27. Rd4 Rb8 28. Be2 Be5 29. Rh4 Bd7 30. Nc5 Be8 31. Rgh1 Bd6 32. Nd3 Rd8 33. Kc2 e5 34. Bxh5 Bc6 35. Be2 Rxh4 36. Rxh4 Be4 37. f3 Ba8 38. Ra4 Rd7 39. Ra6 Ke7 40. Ra5 e4 41. Ne5 Bxe5 42. Rxe5+ 1/2-1/2

[Event "Turkish Cup 2024"]
[Site "Denizli"]
[Date "2024.08.01"]
[Round "4"]
[White "Bilir, Ibrahim"]
[Black "Saygin, Semir"]
[Result "1-0"]
[ECO "B86"]
[WhiteElo "1830"]
[BlackElo "1885"]
[Annotator "NA"]
[PlyCount "91"]
[EventDate "2024.08.01"]
[EventType "swiss"]
[EventCountry "TUR"]
[SourceTitle "playchess.com"]
[Source "ChessBase"]
[SourceQuality "1"]
[TimeControl "5400+30"]

1. e4 c5 2. Nf3 d6 3. d4 cxd4 4. Nxd4 Nf6 5. Nc3 a6 6. Bc4 e6 7. a3 b5 8. Ba2 Bb7 9. O-O Nc6 10. Nxc6 Bxc6 11. Qe2 Be7 12. f4 O-O 13. f5 e5 14. Qf3 Qb6+ 15. Be3 Qb7 16. Bg5 Rac8 17. Bxf6 Bxf6 18. Rf2 Bd8 19. Nd5 Bxd5 20. Bxd5 Qa7 21. Kh1 Rc5 22. Qe3 Qb6 23. Qg3 Bf6 24. Rd1 Rfc8 25. c3 a5 26. Rfd2 Rd8 27. h4 Qc7 28. Qf2 Qe7 29. g3 h6 30. Kg2 Rdc8 31. Kh3 Kh7 32. Rf1 Rf8 33. Qe3 Qd8 34. Qd3 Qc8 35. g4 Be7 36. Qe3 Qd8 37. Qg3 f6 38. Qd3 Qc7 39. Rf3 a4 40. Rg2 Qd8 41. Rfg3 Qc8 42. Kh2 Qd8 43. g5 fxg5 44. hxg5 h5 45. g6+ Kh8 46. Qf3 1-0

[Event "Turkish Cup 2024"]
[Site "Denizli"]
[Date "2024.08.01"]
[Round "4"]
[White "Sadik, Muhammed Selim"]
[Black "Atis, Hasan"]
[Result "1-0"]
[ECO "D85"]
[WhiteElo "1798"]
[BlackElo "2080"]
[Annotator "ChessBase"]
[PlyCount "109"]
[EventDate "2024.08.01"]
[EventType "swiss"]
[EventCountry "TUR"]
[SourceTitle "playchess.com"]
[Source "ChessBase"]
[SourceQuality "1"]
[TimeControl "5400+30"]

1. d4 Nf6 2. c4 g6 3. Nc3 d5 4. cxd5 Nxd5 5. e4 Nxc3 6. bxc3 Bg7 7. Be3 O-O 8. Rc1 c5 9. Qd2 Qa5 10. Nf3 Nd7 11. Bd3 e5 12. dxe5 Nxe5 13. Nxe5 Bxe5 14. O-O Rd8 15. Qc2 Bd7 16. f4 Ba4 17. Qf2 Bxc3 18. Bc4 Rd2 19. Bxd2 Bxd2 20. f5 g5 21. Rb1 Qc3 22. Qe2 b6 23. Bd5 Re8 24. Qh5 Qf6 25. Kh1 Re7 26. Rf2 Bc3 27. Rf3 Bd4 28. Rg3 h6 29. h4 Kf8 30. hxg5 hxg5 31. Rxg5 Qh8 32. Qxh8+ Bxh8 33. Rh5 Bd4 34. g4 Rc7 35. g5 Ke7 36. Rh7 Kd6 37. g6 fxg6 38. fxg6 Rg7 39. Rxg7 Bxg7 40. Kg2 Be8 41. Bf7 Bc6 42. Kf3 b5 43. Kf4 c4 44. Rd1+ Ke7 45. e5 c3 46. Bb3 Be8 47. Bc2 Bh6+ 48. Kf5 Bg7 49. e6 a5 50. Rh1 a4 51. Rh7 Kf8 52. Be4 Bc6 53. e7+ Kxe7 54. Rxg7+ Kd6 55. Bc2 1-0

[Event "Turkish Cup 2024"]
[Site "Denizli"]
[Date "2024.08.01"]
[Round "4"]
[White "Ulupinar, Furkan"]
[Black "Uysal, Ugur"]
[Result "0-1"]
[ECO "E90"]
[WhiteElo "1785"]
[BlackElo "2114"]
[Annotator "RC"]
[PlyCount "92"]
[EventDate "2024.08.01"]
[EventType "swiss"]
[EventCountry "TUR"]
[SourceTitle "playchess.com"]
[Source "ChessBase"]
[SourceQuality "1"]
[TimeControl "5400+30"]

1. d4 Nf6 2. c4 g6 3. Nc3 Bg7 4. e4 d6 5. Nf3 O-O 6. Bg5 h6 7. Be3 Bg4 8. Qd2 Bxf3 9. gxf3 Kh7 10. O-O-O Nbd7 11. f4 Ng4 12. h4 h5 13. Bh3 Nxe3 14. fxe3 e6 15. f5 e5 16. Kb1 Nf6 17. Qg2 Qe8 18. Rhg1 Bh6 19. Qf3 Qe7 20. Rg3 exd4 21. exd4 Rae8 22. Ka1 c5 23. dxc5 dxc5 24. Rdg1 Bd2 25. Nd5 Nxd5 26. exd5 Qe1+ 27. Qd1 Qxd1+ 28. Rxd1 Be1 29. Rb3 b6 30. Ra3 Bxh4 31. fxg6+ fxg6 32. Rxa7+ Re7 33. Rxe7+ Bxe7 34. d6 Bd8 35. a3 g5 36. Bd7 g4 37. b4 g3 38. Bh3 Rf2 39. bxc5 bxc5 40. d7 Kg6 41. Re1 Kg5 42. Re8 Bf6+ 43. Kb1 Kh4 44. Rf8 Kxh3 45. Rxf6 g2 46. Rg6 Rd2 0-1

[Event "Turkish Cup 2024"]
[Site "Denizli"]
[Date "2024.08.01"]
[Round "4"]
[White "Abak, Tuana"]
[Black "Manas, Eren"]
[Result "0-1"]
[ECO "B22"]
[WhiteElo "1784"]
[BlackElo "2013"]
[Annotator "RC"]
[PlyCount "120"]
[EventDate "2024.08.01"]
[EventType "swiss"]
[EventCountry "TUR"]
[SourceTitle "playchess.com"]
[Source "ChessBase"]
[SourceQuality "1"]
[TimeControl "5400+30"]

1. e4 c5 2. c3 Nf6 3. e5 Nd5 4. Nf3 Nc6 5. Bc4 Nb6 6. Bb3 d5 7. exd6 Qxd6 8. O-O Be6 9. Bxe6 Qxe6 10. a4 Qd7 11. a5 Nd5 12. a6 b6 13. d4 cxd4 14. cxd4 e6 15. Nc3 Be7 16. Be3 O-O 17. Qe2 Rac8 18. Rfd1 Rfd8 19. Rac1 Qe8 20. h4 h6 21. g3 Nxc3 22. bxc3 Na5 23. Ne5 Bf6 24. Ng4 Be7 25. Ne5 Bd6 26. Ng4 f5 27. Nh2 Nc4 28. Re1 Qg6 29. h5 Qf7 30. Qf3 Re8 31. Nf1 e5 32. Nd2 e4 33. Qh1 Nxe3 34. Rxe3 f4 35. Rxe4 fxg3 36. fxg3 Bxg3 37. Qg2 Bf4 38. Rf1 Rxe4 39. Qxe4 Rf8 40. Qe2 Qf5 41. c4 Qg5+ 42. Kh1 Qh4+ 43. Kg1 Qg3+ 44. Qg2 Qxg2+ 45. Kxg2 Bxd2 46. Rd1 Bb4 47. Rd3 Rf5 48. Re3 Kf7 49. Rb3 Be7 50. c5 bxc5 51. Rb7 cxd4 52. Rxa7 Rxh5 53. Rb7 Ra5 54. a7 Ke6 55. Rb6+ Kd7 56. Rb7+ Kd6 57. Kf3 Bf6 58. Ke4 Kc6 59. Rf7 Kb6 60. Rxf6+ gxf6 0-1

[Event "Turkish Cup 2024"]
[Site "Denizli"]
[Date "2024.08.01"]
[Round "4"]
[White "Orak, Yunus"]
[Black "Var, Sefa"]
[Result "1/2-1/2"]
[ECO "B96"]
[WhiteElo "1779"]
[BlackElo "1841"]
[Annotator "NA"]
[PlyCount "95"]
[EventDate "2024.08.01"]
[EventType "swiss"]
[EventCountry "TUR"]
[SourceTitle "playchess.com"]
[Source "ChessBase"]
[SourceQuality "1"]
[TimeControl "5400+30"]

1. e4 c5 2. Nf3 d6 3. d4 cxd4 4. Nxd4 Nf6 5. Nc3 a6 6. Bg5 e6 7. f4 Nbd7 8. Qf3 Qc7 9. O-O-O b5 10. e5 Bb7 11. Qg3 dxe5 12. fxe5 Qxe5 13. Bf4 Qc5 14. Bxb5 axb5 15. Ndxb5 Be7 16. Bd6 Qc6 17. Nc7+ Kf8 18. Nxe6+ fxe6 19. Bxe7+ Kf7 20. Rd2 Rhe8 21. Bxf6 Nxf6 22. Rf1 Rad8 23. Rdf2 e5 24. Qh4 Kg8 25. g4 Ne4 26. Nxe4 Qxe4 27. Rf7 Bd5 28. Rc7 Bxa2 29. Qg5 Qg6 30. Qxg6 hxg6 31. b3 e4 32. Re1 e3 33. Re2 Rd4 34. Rc3 Rxg4 35. Rcxe3 Rxe3 36. Rxe3 Rg2 37. h3 g5 38. Kb2 g4 39. hxg4 Bxb3 40. Kxb3 Rxg4 41. c4 Rg1 42. c5 Rc1 43. Kb4 Kf7 44. Kb5 g5 45. c6 Kf6 46. Kb6 Kf5 47. c7 g4 48. Re1 1/2-1/2

[Event "Turkish Cup 2024"]
[Site "Denizli"]
[Date "2024.08.01"]
[Round "4"]
[White "Turk, Talha Gunes"]
[Black "Turkmen, Ataberk"]
[Result "0-1"]
[ECO "B08"]
[WhiteElo "1776"]
[BlackElo "2022"]
[Annotator "RC"]
[PlyCount "84"]
[EventDate "2024.08.01"]
[EventType "swiss"]
[EventCountry "TUR"]
[SourceTitle "playchess.com"]
[Source "ChessBase"]
[SourceQuality "1"]
[TimeControl "5400+30"]

1. e4 g6 2. d4 Bg7 3. Nc3 d6 4. Bc4 c6 5. Nf3 Nf6 6. e5 dxe5 7. Nxe5 O-O 8. O-O Nbd7 9. h3 Nb6 10. Bb3 Nbd5 11. f4 Be6 12. Na4 Nd7 13. g4 Nxe5 14. fxe5 Nc7 15. Be3 f6 16. Bxe6+ Nxe6 17. exf6 Bxf6 18. c3 Qd6 19. Rf3 Bh4 20. Qe2 Rxf3 21. Qxf3 Rf8 22. Qg2 b5 23. Nc5 Nxc5 24. dxc5 Qd3 25. Bh6 Rf2 26. Qxf2 Bxf2+ 27. Kxf2 Qxh3 28. Be3 Qxg4 29. Rf1 Qe4 30. Rd1 g5 31. Rd4 Qf5+ 32. Kg2 h5 33. a4 bxa4 34. Bf2 g4 35. Rd8+ Kf7 36. Rd2 Qf3+ 37. Kg1 g3 38. Bxg3 Qxg3+ 39. Rg2 Qxg2+ 40. Kxg2 e5 41. Kf3 Ke6 42. c4 Kf5 0-1

[Event "Turkish Cup 2024"]
[Site "Denizli"]
[Date "2024.08.01"]
[Round "4"]
[White "Er, Mira"]
[Black "Kavri, Yusuf Eren"]
[Result "1/2-1/2"]
[ECO "B57"]
[WhiteElo "1770"]
[BlackElo "2090"]
[Annotator "ChessBase"]
[PlyCount "147"]
[EventDate "2024.08.01"]
[EventType "swiss"]
[EventCountry "TUR"]
[SourceTitle "playchess.com"]
[Source "ChessBase"]
[SourceQuality "1"]
[TimeControl "5400+30"]

1. e4 c5 2. Nf3 d6 3. d4 cxd4 4. Nxd4 Nf6 5. Nc3 Nc6 6. Bc4 Qb6 7. Nb3 e6 8. Bf4 Ne5 9. Be2 Bd7 10. O-O a6 11. a4 Be7 12. Be3 Qc7 13. Nd2 Bc6 14. f4 Ned7 15. Bf3 b6 16. Nb3 O-O 17. g4 Qb7 18. Qd4 e5 19. Qd3 exf4 20. Bxf4 Ne5 21. Bxe5 dxe5 22. Nd5 Rfd8 23. c4 Ne8 24. Qc3 Bd6 25. Kh1 Nc7 26. c5 Bxc5 27. Nxc5 bxc5 28. Nxc7 Qxc7 29. Qxc5 Qb7 30. Rae1 Bxa4 31. Qxe5 Re8 32. Qf4 Bc6 33. e5 Re7 34. Bxc6 Qxc6+ 35. Qe4 Rc8 36. Qxc6 Rxc6 37. Rc1 Rec7 38. Rxc6 Rxc6 39. Rd1 g6 40. Rd2 Re6 41. Rd8+ Kg7 42. Rd5 Rb6 43. Ra5 Kf8 44. h3 Ke7 45. b4 Ke6 46. Kg2 Rxb4 47. Rxa6+ Kxe5 48. Ra7 Kf6 49. Ra5 h6 50. Rc5 Rb2+ 51. Kg3 Rb3+ 52. Kg2 Re3 53. Ra5 Re5 54. Ra3 Re7 55. Kg3 Rb7 56. Rc3 Rb6 57. Rf3+ Kg7 58. Rc3 Rb5 59. Ra3 h5 60. Rc3 Kh6 61. Ra3 f6 62. Rf3 Rb6 63. Rc3 Re6 64. Ra3 Kg5 65. Ra5+ Re5 66. h4+ Kh6 67. g5+ Kg7 68. Ra7+ Kf8 69. gxf6 Rf5 70. Ra8+ Kf7 71. Ra7+ Kxf6 72. Ra6+ Kg7 73. Ra7+ Rf7 74. Ra6 1/2-1/2

[Event "Turkish Cup 2024"]
[Site "Denizli"]
[Date "2024.08.01"]
[Round "4"]
[White "Uysal, Kerem"]
[Black "Saricam, Ege"]
[Result "0-1"]
[ECO "A05"]
[WhiteElo "1740"]
[BlackElo "1794"]
[Annotator "NA"]
[PlyCount "120"]
[EventDate "2024.08.01"]
[EventType "swiss"]
[EventCountry "TUR"]
[SourceTitle "playchess.com"]
[Source "ChessBase"]
[SourceQuality "1"]
[TimeControl "5400+30"]

1. Nf3 Nf6 2. c4 g6 3. b4 d6 4. Bb2 Bg7 5. g3 O-O 6. Bg2 e5 7. d3 Nc6 8. b5 Ne7 9. O-O Rb8 10. Nc3 c6 11. a4 Qc7 12. Qb3 Nd7 13. Ba3 Nc5 14. Qc2 Bg4 15. Ne4 Rbc8 16. Nxc5 dxc5 17. Rad1 b6 18. h3 Bd7 19. e3 Rfe8 20. d4 cxd4 21. exd4 cxb5 22. dxe5 Bf5 23. Qd2 bxc4 24. Bd6 Qd7 25. Qf4 Bd3 26. Rfe1 Nf5 27. Ba3 Bh6 28. Ng5 Qd4 29. Qxd4 Nxd4 30. Ne4 Ne2+ 31. Kh2 Bxe4 32. Bxe4 Nc3 33. Rd4 Rxe5 34. f4 Ree8 35. Bb4 Bg7 36. Bxc3 Bxd4 37. Bxd4 c3 38. Be5 c2 39. Rc1 f6 40. Bd5+ Kg7 41. Bb2 Re2+ 42. Kg1 Rd8 43. Kf1 Rd2 44. Be4 Rd1+ 45. Ke2 Rxc1 46. Bxc1 Rd1 47. Be3 c1=Q 48. Bxc1 Rxc1 49. Kd3 Ra1 50. Bc6 Ra3+ 51. Kc4 Rxg3 52. Kb5 Rxh3 53. Ka6 Rb3 54. Kxa7 h5 55. Bb5 h4 56. Kxb6 h3 57. a5 h2 58. a6 h1=Q 59. a7 Qd5 60. f5 Rxb5+ 0-1

[Event "Turkish Cup 2024"]
[Site "Denizli"]
[Date "2024.08.01"]
[Round "4"]
[White "Acar, Erdogan"]
[Black "Tutuncu, Ali"]
[Result "0-1"]
[ECO "B06"]
[WhiteElo "1726"]
[BlackElo "2041"]
[Annotator "RC"]
[PlyCount "74"]
[EventDate "2024.08.01"]
[EventType "swiss"]
[EventCountry "TUR"]
[SourceTitle "playchess.com"]
[Source "ChessBase"]
[SourceQuality "1"]
[TimeControl "5400+30"]

1. e4 g6 2. d4 Bg7 3. Nc3 d6 4. f4 a6 5. Nf3 b5 6. Bd3 Nd7 7. a4 b4 8. Ne2 c5 9. c3 Bb7 10. O-O Qb6 11. a5 Qa7 12. cxb4 cxd4 13. Kh1 Nh6 14. h3 O-O 15. Qe1 f5 16. exf5 Nxf5 17. Ng5 Bd5 18. Ng3 e6 19. Be4 Bxe4 20. N3xe4 h6 21. Nf3 Rae8 22. g4 d5 23. Nc5 Nd6 24. Nxd7 Qxd7 25. Ne5 Bxe5 26. Qxe5 Ne4 27. Kg1 Qa7 28. b3 d3+ 29. Kg2 Kh7 30. Bb2 Rc8 31. Bd4 Rc2+ 32. Kg1 Qc7 33. Qxe6 Ng3 34. Rae1 Ne2+ 35. Rxe2 dxe2 36. Re1 Qxf4 37. Qe7+ Rf7 0-1

[Event "Turkish Cup 2024"]
[Site "Denizli"]
[Date "2024.08.01"]
[Round "4"]
[White "Yilmaz, Atakan"]
[Black "Cakir, Ege"]
[Result "0-1"]
[ECO "B40"]
[WhiteElo "1715"]
[BlackElo "1889"]
[Annotator "NA"]
[PlyCount "118"]
[EventDate "2024.08.01"]
[EventType "swiss"]
[EventCountry "TUR"]
[SourceTitle "playchess.com"]
[Source "ChessBase"]
[SourceQuality "1"]
[TimeControl "5400+30"]

1. e4 c5 2. Nf3 e6 3. d4 cxd4 4. Nxd4 Nf6 5. Nc3 Nc6 6. Nxc6 bxc6 7. Bd3 d5 8. O-O Be7 9. Bf4 O-O 10. Qf3 Qb6 11. exd5 cxd5 12. Rfe1 Ba6 13. Bxa6 Qxa6 14. a4 Rac8 15. Qe2 Qc4 16. Qxc4 Rxc4 17. g3 Bb4 18. Re2 Bxc3 19. bxc3 Ne4 20. Be5 Nxc3 21. Bxc3 Rxc3 22. Kf1 Rfc8 23. Ke1 g6 24. Kd1 Rb8 25. Re3 Rc4 26. Rb3 Rxb3 27. cxb3 Rc3 28. Rb1 Kf8 29. Kd2 d4 30. b4 Ra3 31. a5 Ke7 32. Rc1 Kd7 33. Rc4 e5 34. Rc5 Kd6 35. Rb5 e4 36. Rb7 Ra2+ 37. Ke1 f5 38. Rxa7 d3 39. h4 Re2+ 40. Kf1 Rb2 41. Ke1 Rxb4 42. Rxh7 Rb1+ 43. Kd2 Rb2+ 44. Ke1 Re2+ 45. Kf1 Ra2 46. Ke1 Rxa5 47. Rg7 Ra1+ 48. Kd2 Rf1 49. Rxg6+ Kd5 50. Rg8 Rxf2+ 51. Ke3 Rf3+ 52. Kd2 Kd4 53. Rd8+ Ke5 54. Re8+ Kf6 55. Rg8 Rf2+ 56. Ke1 e3 57. Rd8 d2+ 58. Kd1 Rf1+ 59. Kc2 Rc1+ 0-1

[Event "Turkish Cup 2024"]
[Site "Denizli"]
[Date "2024.08.02"]
[Round "5"]
[White "Maruflu, Enes Yusuf"]
[Black "Er, Mira"]
[Result "1-0"]
[ECO "B51"]
[WhiteElo "2228"]
[BlackElo "1770"]
[Annotator "RC"]
[PlyCount "67"]
[EventDate "2024.08.01"]
[EventType "swiss"]
[EventCountry "TUR"]
[SourceTitle "playchess.com"]
[Source "ChessBase"]
[SourceQuality "1"]
[TimeControl "5400+30"]

1. e4 c5 2. Nf3 Nc6 3. Bb5 d6 4. O-O Bd7 5. Re1 a6 6. Bf1 Bg4 7. c3 Nf6 8. d4 cxd4 9. cxd4 e5 10. d5 Nd4 11. Be3 Nxf3+ 12. gxf3 Bh5 13. Nd2 g5 14. Qb3 Qd7 15. Rac1 Rg8 16. Bg2 Bh6 17. Nc4 g4 18. f4 exf4 19. Bd2 g3 20. fxg3 b5 21. e5 Qa7+ 22. Kh1 Ng4 23. Nxd6+ Kf8 24. Ne4 a5 25. Rf1 Nxh2 26. Bxf4 Bxf4 27. Rxf4 Ng4 28. Nc5 Rc8 29. Ne6+ Ke7 30. d6+ Kd7 31. Qxb5+ Kxe6 32. Bd5+ Kxe5 33. Bxf7+ Kxd6 34. Qd5+ 1-0

[Event "Turkish Cup 2024"]
[Site "Denizli"]
[Date "2024.08.02"]
[Round "5"]
[White "Ozdemir, Serhan Berat"]
[Black "Atik, Muhammed Ihsan"]
[Result "1-0"]
[ECO "A31"]
[WhiteElo "2194"]
[BlackElo "1788"]
[Annotator "RC"]
[PlyCount "55"]
[EventDate "2024.08.01"]
[EventType "swiss"]
[EventCountry "TUR"]
[SourceTitle "playchess.com"]
[Source "ChessBase"]
[SourceQuality "1"]
[TimeControl "5400+30"]

1. c4 Nf6 2. Nc3 c5 3. g3 g6 4. Bg2 Bg7 5. Nf3 Nc6 6. O-O d6 7. d4 cxd4 8. Nxd4 Bd7 9. Nc2 Qc8 10. b3 Bh3 11. Bb2 h5 12. Nd5 h4 13. Nxf6+ exf6 14. Qd5 Bxg2 15. Qxg2 hxg3 16. hxg3 Qe6 17. Rfd1 O-O-O 18. Ne3 Rh3 19. c5 dxc5 20. Rxd8+ Kxd8 21. Rd1+ Kc8 22. Nc4 Bf8 23. Bxf6 Rh5 24. g4 Qxe2 25. Ne3 Bh6 26. gxh5 Bxe3 27. Qh3+ Kb8 28. Rd8+ 1-0

[Event "Turkish Cup 2024"]
[Site "Denizli"]
[Date "2024.08.02"]
[Round "5"]
[White "Uysal, Ugur"]
[Black "Kilic, Cihan"]
[Result "1-0"]
[ECO "A30"]
[WhiteElo "2114"]
[BlackElo "1869"]
[Annotator "RC"]
[PlyCount "107"]
[EventDate "2024.08.01"]
[EventType "swiss"]
[EventCountry "TUR"]
[SourceTitle "playchess.com"]
[Source "ChessBase"]
[SourceQuality "1"]
[TimeControl "5400+30"]

1. Nf3 c5 2. c4 Nf6 3. d4 cxd4 4. Nxd4 e6 5. g3 a6 6. Bg2 Qc7 7. O-O Qxc4 8. e4 Qc7 9. Nc3 Nc6 10. Be3 Be7 11. Rc1 O-O 12. g4 d6 13. g5 Nd7 14. Nd5 Qd8 15. Nxc6 bxc6 16. Nxe7+ Qxe7 17. Rxc6 Ne5 18. Rc2 Bb7 19. f4 Nd7 20. e5 d5 21. Rc7 Rfb8 22. Qa4 Bc8 23. Rfc1 Qd8 24. Qc6 Nf8 25. Bc5 Bd7 26. Qd6 Rc8 27. Bb6 Rxc7 28. Rxc7 Qe8 29. b3 Rc8 30. Kf2 Rxc7 31. Qxc7 Ng6 32. Ke3 Ne7 33. Qd8 Nf5+ 34. Kd2 Qxd8 35. Bxd8 Kf8 36. a4 Nd4 37. Kc3 Ne2+ 38. Kb4 Nxf4 39. Bf1 Bc8 40. Ka5 d4 41. Bb6 d3 42. Be3 Ne2 43. Kb6 Ke8 44. Kc7 Bd7 45. Kb7 a5 46. Bxe2 dxe2 47. Bd2 f6 48. gxf6 gxf6 49. Bxa5 fxe5 50. Be1 e4 51. a5 Bb5 52. a6 Kd7 53. a7 Bc6+ 54. Kb8 1-0

[Event "Turkish Cup 2024"]
[Site "Denizli"]
[Date "2024.08.02"]
[Round "5"]
[White "Cevizci, Yusuf Baran"]
[Black "Ucar, Umut Can"]
[Result "1-0"]
[ECO "C50"]
[WhiteElo "2102"]
[BlackElo "1684"]
[Annotator "RC"]
[PlyCount "81"]
[EventDate "2024.08.01"]
[EventType "swiss"]
[EventCountry "TUR"]
[SourceTitle "playchess.com"]
[Source "ChessBase"]
[SourceQuality "1"]
[TimeControl "5400+30"]

1. e4 e5 2. Nf3 Nc6 3. Nc3 Nf6 4. h3 Be7 5. d4 exd4 6. Nxd4 Nxd4 7. Qxd4 d6 8. Bc4 O-O 9. O-O Be6 10. Bxe6 fxe6 11. e5 Nd7 12. exd6 Bxd6 13. Qg4 Qf6 14. Ne4 Qf5 15. Nxd6 Qxg4 16. hxg4 cxd6 17. b3 Rac8 18. c4 d5 19. cxd5 exd5 20. Be3 a6 21. Rad1 Rc2 22. Rxd5 Nf6 23. Rd4 h6 24. a4 Rfc8 25. Rfd1 R2c3 26. Rb4 R8c7 27. Rd6 Kf7 28. g5 hxg5 29. Bxg5 a5 30. Rf4 Rxb3 31. Bxf6 gxf6 32. Rdxf6+ Kg7 33. R6f5 b6 34. Rg4+ Kh6 35. Rf6+ Kh5 36. Rfg6 Rc5 37. g3 Rb4 38. Rxb4 axb4 39. Rxb6 Rc4 40. Rb5+ Kg4 41. Kg2 1-0

[Event "Turkish Cup 2024"]
[Site "Denizli"]
[Date "2024.08.02"]
[Round "5"]
[White "Kavri, Yusuf Eren"]
[Black "Asikoglu, Engin Can"]
[Result "1-0"]
[ECO "D59"]
[WhiteElo "2090"]
[BlackElo "1843"]
[Annotator "RC"]
[PlyCount "71"]
[EventDate "2024.08.01"]
[EventType "swiss"]
[EventCountry "TUR"]
[SourceTitle "playchess.com"]
[Source "ChessBase"]
[SourceQuality "1"]
[TimeControl "5400+30"]

1. d4 d5 2. c4 e6 3. Nc3 Nf6 4. Bg5 Be7 5. Nf3 O-O 6. e3 h6 7. Bh4 b6 8. cxd5 Nxd5 9. Bxe7 Qxe7 10. Nxd5 exd5 11. Be2 Be6 12. O-O c5 13. dxc5 bxc5 14. Rc1 Nd7 15. Qa4 Rfc8 16. Rfd1 Rc7 17. Qa5 Nb6 18. Rc3 c4 19. Nd4 Rac8 20. Rdc1 Nd7 21. b3 Ne5 22. bxc4 Nxc4 23. Qa6 Rc5 24. Bxc4 dxc4 25. Nxe6 Qxe6 26. Qxa7 Rd5 27. h3 Rcd8 28. Qa4 Rg5 29. Qxc4 Qxh3 30. Qe4 f5 31. Qb7 Kh7 32. Rc8 Rd6 33. Qa8 Re6 34. Rh8+ Kg6 35. Qd5 f4 36. Qxg5+ 1-0

[Event "Turkish Cup 2024"]
[Site "Denizli"]
[Date "2024.08.02"]
[Round "5"]
[White "Turgut, Hakan"]
[Black "Kapusuz, Hasan Huseyin"]
[Result "1-0"]
[ECO "A13"]
[WhiteElo "2052"]
[BlackElo "1767"]
[Annotator "RC"]
[PlyCount "43"]
[EventDate "2024.08.01"]
[EventType "swiss"]
[EventCountry "TUR"]
[SourceTitle "playchess.com"]
[Source "ChessBase"]
[SourceQuality "1"]
[TimeControl "5400+30"]

1. d4 Nf6 2. g3 d5 3. Bg2 e6 4. Nf3 Bd6 5. O-O O-O 6. c4 dxc4 7. Qc2 Nbd7 8. Qxc4 e5 9. Nc3 exd4 10. Nxd4 Ne5 11. Qa4 c6 12. Rd1 Qb6 13. Nxc6 Neg4 14. Nd4 Bc5 15. e3 Ne5 16. h3 Rd8 17. Qc2 Bxd4 18. exd4 Rxd4 19. Be3 Rxd1+ 20. Rxd1 Qc7 21. Nb5 Qe7 22. Bc5 1-0

[Event "Turkish Cup 2024"]
[Site "Denizli"]
[Date "2024.08.02"]
[Round "5"]
[White "Tutuncu, Ali"]
[Black "Topuz, Mirac Melih"]
[Result "0-1"]
[ECO "C70"]
[WhiteElo "2041"]
[BlackElo "2148"]
[Annotator "RC"]
[PlyCount "29"]
[EventDate "2024.08.01"]
[EventType "swiss"]
[EventCountry "TUR"]
[SourceTitle "playchess.com"]
[Source "ChessBase"]
[SourceQuality "1"]
[TimeControl "5400+30"]

1. e4 e5 2. Nf3 Nc6 3. Bb5 a6 4. Ba4 f5 5. d4 exd4 6. O-O b5 7. Bb3 fxe4 8. Ne5 Nxe5 9. Qh5+ Ng6 10. Qd5 Qe7 11. Bg5 c6 12. Qxd4 Qxg5 13. Re1 Nf6 14. Nc3 Nh4 15. Rxe4+ 0-1

[Event "Turkish Cup 2024"]
[Site "Denizli"]
[Date "2024.08.02"]
[Round "5"]
[White "Yilmaz, Kerem Tuna"]
[Black "Turan, Seyithan"]
[Result "1-0"]
[ECO "B31"]
[WhiteElo "2025"]
[BlackElo "1764"]
[Annotator "RC"]
[PlyCount "67"]
[EventDate "2024.08.01"]
[EventType "swiss"]
[EventCountry "TUR"]
[SourceTitle "playchess.com"]
[Source "ChessBase"]
[SourceQuality "1"]
[TimeControl "5400+30"]

1. e4 c5 2. Nf3 Nc6 3. Bb5 g6 4. Bxc6 dxc6 5. h3 Bg7 6. d3 Qc7 7. Nbd2 e5 8. O-O Nh6 9. a4 a5 10. Nc4 f6 11. Be3 b6 12. b4 axb4 13. a5 bxa5 14. Bxc5 Nf7 15. Bxb4 a4 16. Bc5 Be6 17. Nb6 Rb8 18. Nxa4 g5 19. Nh2 h5 20. Rb1 g4 21. Rxb8+ Qxb8 22. h4 Nh6 23. Qb1 Kf7 24. Qa1 f5 25. Rb1 Qd8 26. Rb7+ Kg6 27. Nf1 Qxh4 28. Rxg7+ Kxg7 29. Qxe5+ Qf6 30. Qxf6+ Kxf6 31. Bd4+ Kg5 32. Bxh8 f4 33. Nc5 Ba2 34. Nd2 1-0

[Event "Turkish Cup 2024"]
[Site "Denizli"]
[Date "2024.08.02"]
[Round "5"]
[White "Turkmen, Ataberk"]
[Black "Akyuz, Murat"]
[Result "1/2-1/2"]
[ECO "B26"]
[WhiteElo "2022"]
[BlackElo "1890"]
[Annotator "RC"]
[PlyCount "160"]
[EventDate "2024.08.01"]
[EventType "swiss"]
[EventCountry "TUR"]
[SourceTitle "playchess.com"]
[Source "ChessBase"]
[SourceQuality "1"]
[TimeControl "5400+30"]

1. e4 c5 2. Nc3 e6 3. g3 Nc6 4. Bg2 g6 5. d3 Bg7 6. Be3 d6 7. Qd2 Nge7 8. Bh6 Bxh6 9. Qxh6 Nd4 10. O-O-O Nec6 11. Nge2 Nxe2+ 12. Nxe2 Qf6 13. Qe3 e5 14. f4 Bg4 15. fxe5 Qxe5 16. Rdf1 Bxe2 17. Qxe2 O-O 18. Qg4 Nd4 19. c3 Nc6 20. Qf4 Kg7 21. Qxe5+ dxe5 22. Kd2 Rad8 23. Ke3 Rd6 24. Rd1 Rfd8 25. Rd2 b5 26. Bf3 b4 27. Bd1 c4 28. Be2 bxc3 29. bxc3 f5 30. Rhd1 cxd3 31. Rxd3 Rxd3+ 32. Rxd3 Rxd3+ 33. Bxd3 Kf6 34. c4 h6 35. c5 Ke6 36. h4 Ne7 37. h5 fxe4 38. Kxe4 gxh5 39. Bf1 Kd7 40. Bb5+ Ke6 41. Bc4+ Kf6 42. Be2 h4 43. gxh4 Nc6 44. Bb5 Nd4 45. Bc4 Nf5 46. c6 Nd6+ 47. Kd5 Nxc4 48. Kxc4 Ke6 49. Kc5 h5 50. c7 Kd7 51. Kd5 Kxc7 52. Kxe5 Kc6 53. Kf5 Kd5 54. Kg5 Ke5 55. Kxh5 Kf5 56. Kh6 Kf6 57. h5 a6 58. a3 a5 59. a4 Kf7 60. Kh7 Kf6 61. Kh6 Kf7 62. Kg5 Kg7 63. Kf4 Kh6 64. Kg4 Kh7 65. Kg3 Kg7 66. Kg4 Kh6 67. Kh4 Kh7 68. Kg5 Kg7 69. h6+ Kh7 70. Kh5 Kh8 71. Kg6 Kg8 72. Kf6 Kh7 73. Ke5 Kxh6 74. Kd5 Kg6 75. Kc6 Kf6 76. Kb5 Ke6 77. Kxa5 Kd7 78. Kb6 Kc8 79. Ka7 Kc7 80. a5 Kc8 1/2-1/2

[Event "Turkish Cup 2024"]
[Site "Denizli"]
[Date "2024.08.02"]
[Round "5"]
[White "Manas, Eren"]
[Black "Metin, Enis"]
[Result "1-0"]
[ECO "B43"]
[WhiteElo "2013"]
[BlackElo "2142"]
[Annotator "RC"]
[PlyCount "118"]
[EventDate "2024.08.01"]
[EventType "swiss"]
[EventCountry "TUR"]
[SourceTitle "playchess.com"]
[Source "ChessBase"]
[SourceQuality "1"]
[TimeControl "5400+30"]

1. e4 c5 2. Nf3 e6 3. d4 cxd4 4. Nxd4 a6 5. Nc3 Qc7 6. g3 Bb4 7. Bd2 Nf6 8. Bg2 Nc6 9. Nb3 Be7 10. O-O d6 11. f4 b5 12. a3 Nd7 13. Be3 Nb6 14. Qg4 g6 15. Rae1 Nc4 16. Bc1 h5 17. Qe2 h4 18. g4 h3 19. Bf3 g5 20. Nd5 Qa7+ 21. Kh1 gxf4 22. Nxe7 Qxe7 23. Bxf4 Bb7 24. a4 N6e5 25. axb5 axb5 26. Nd4 Nxf3 27. Rxf3 d5 28. e5 Qc5 29. Qf2 Nxb2 30. Bc1 Nc4 31. Rxf7 O-O-O 32. g5 Rhg8 33. Be3 Nxe5 34. Rxb7 Kxb7 35. Nxe6 Qd6 36. Nxd8+ Rxd8 37. Bf4 Ng4 38. Qg3 Qd7 39. Rf1 Rf8 40. Kg1 Qf5 41. Qxh3 Rc8 42. Qd3 Qd7 43. h3 Rc4 44. hxg4 Qxg4+ 45. Bg3 Qxg5 46. Kg2 Kc6 47. Rf5 Qd8 48. Rf7 Qg5 49. Ra7 Qg4 50. Ra6+ Kb7 51. Rd6 Rc5 52. Rxd5 Qc8 53. Rd7+ Kb6 54. Qd6+ Qc6+ 55. Qxc6+ Rxc6 56. Rd6 b4 57. Kf3 Rxd6 58. Bxd6 Kb5 59. Ke4 Kc4 1-0